Map: Ascension vers Aïur EC

Players

Snoxtar

  • Race: Zerg Zerg
  • League: Grandmaster
  • Spawn Location: 5:00

llllllllllll - Winner!

  • Race: Protoss Protoss
  • League: Grandmaster
  • Spawn Location: 11:00

VOD

Have the link to the VOD?

Description

Time

  • Played on: Nov. 23, 2017, 9:06 a.m.
  • Length: 8:04
Show
View Real Time Build Order
Export as new Build Order

Snoxtar Zerg 

Build Orders: Hatch First, Ravager All-In 

Get SALT Encoding   

  12  0:01  Drone  
  13  0:12  Overlord  
  13  0:17  Drone  
  14  0:30  Drone  
  14  0:31  Drone  
  14  0:35  Drone  
  17  0:52  Hatchery  
  17  0:55  Drone  
  17  0:59  Drone  
  18  1:09  Extractor  
  17  1:15  Spawning Pool  
  16  1:19  Drone  
  16  1:21  Drone  
  19  1:38  Overlord  
  19  1:53  Extractor  
  19  2:03  Queen  
  19  2:04  Roach Warren, Extractor  
  19  2:05  Spine Crawler  
  19  2:06  Zergling x2  
  19  2:08  Zergling x2  
  20  2:17  Drone  
  21  2:25  Drone  
  22  2:36  Overlord  
  20  2:44  Roach  
  22  2:51  Roach  
  24  3:01  Roach  
  26  3:06  Ravager  
  27  3:13  Ravager  
  27  3:14  Drone x2  
  27  3:15  Drone x2  
  32  3:27  Drone, Queen  
  32  3:31  Ravager  
  36  3:35  Overlord  
  36  3:46  Drone  
  37  3:49  Drone  
  37  3:52  Overlord  
  38  4:01  Roach x2  
  42  4:15  Evolution Chamber  
  41  4:19  Roach  
  41  4:22  Ravager x2  
  45  4:40  Ravager  
  46  4:46  Metabolic Boost  
  46  4:47  Zergling x4  
  46  4:48  Zergling x6  
  51  5:16  Roach  
  53  5:22  Overlord  
  53  5:28  Overlord  
  53  5:31  Hatchery  
  52  5:41  Queen  
  53  5:42  Zergling x2  
  53  5:46  Zergling x4  
  53  5:47  Zergling x2  
  53  5:49  Ravager  
  56  5:53  Zergling x4  
  53  6:06  Roach  
  53  6:07  Zergling x4  
  53  6:08  Zergling x2  
  58  6:14  Zergling x2  
  58  6:22  Roach  
  49  6:35  Queen  
  49  6:36  Roach x2  
  49  6:38  Ravager  
  54  6:40  Roach x2  
  54  6:44  Zergling x2  
  59  7:01  Roach x2  
  60  7:06  Roach  
  60  7:07  Roach  
  61  7:09  Zergling x2  
  61  7:12  Ravager  
  63  7:18  Ravager x4  
  64  7:24  Ravager  
  64  7:25  Roach, Ravager  
  46  7:44  Zergling x2  
Show
View Real Time Build Order
Export as new Build Order

llllllllllll Protoss - Winner!

Build Orders:  

Get SALT Encoding   

  12  0:00  Probe (Chrono Boost)  
  13  0:12  Probe (Chrono Boost)  
  14  0:17  Pylon  
  14  0:21  Probe  
  15  0:35  Probe  
  16  0:37  Forge  
  16  0:47  Probe  
  17  1:01  Probe  
  18  1:04  Pylon  
  18  1:14  Probe  
  19  1:22  Photon Cannon  
  19  1:25  Gateway  
  19  1:28  Pylon  
  19  1:31  Pylon  
  19  1:39  Pylon  
  19  1:51  Photon Cannon  
  19  1:58  Probe (Chrono Boost)  
  19  2:00  Assimilator  
  20  2:05  Assimilator  
  21  2:10  Probe (Chrono Boost)  
  21  2:14  Cybernetics Core  
  21  2:15  Probe (Chrono Boost)  
  22  2:27  Probe (Chrono Boost)  
  23  2:33  Probe (Chrono Boost)  
  24  2:45  Photon Cannon  
  24  2:53  Shield Battery  
  24  2:57  Robotics Facility  
  24  3:06  Photon Cannon  
  24  3:14  Robotics Facility  
  24  3:24  Shield Battery  
  24  3:27  Shield Battery  
  23  3:34  Pylon  
  23  3:46  Immortal (Chrono Boost)  
  31  4:07  Shield Battery  
  31  4:12  Immortal (Chrono Boost)  
  31  4:25  Warp Prism (Chrono Boost)  
  31  4:27  Shield Battery  
  33  4:34  Shield Battery  
  33  4:46  Immortal  
  37  5:02  Pylon  
  37  5:11  Immortal  
  41  5:27  Immortal  
  45  5:30  Shield Battery  
  45  5:51  Immortal  
  49  6:06  Observer  
  49  6:07  Shield Battery  
  50  6:31  Warp Prism (Chrono Boost)  
  42  6:40  Immortal (Chrono Boost)  
  46  6:54  Pylon  
  46  7:10  Immortal  
  54  7:25  Shield Battery  
Tags
 
Add a new tag
Caveats
  • Supply blocks, unpowered buildings, or Contaminate may cause inaccurate times.
  • Supply counts are checked every 10 seconds.